 Dungeon Crawl Stone Soup version 0.31-a0-949-g57150269e1 (webtiles) character file.

Game seed: 16712149007337095999

1356 gelatine the Chopper (level 8, -2/63 HPs)
             Began as a Demonspawn Gladiator on Oct 22, 2023.
             Slain by a fire elemental (5 damage)
             ... summoned by a deep elf pyromancer
             ... on level 6 of the Dungeon.
             The game lasted 00:15:21 (5285 turns).

gelatine the Chopper (Demonspawn Gladiator)         Turns: 5285, Time: 00:15:23

Health: -2/63      AC:  4    Str: 18    XL:     8   Next: 37%
Magic:  8/8        EV: 13    Int:  9    God:
Gold:   430        SH:  6    Dex: 14    Spells: 7/7 levels left

rFire   + . .        a - +0 war axe
rCold   + . .        (no shield)
rNeg    . . .        c - +1 robe {rF+}
rPois   .            (helmet restricted)
rElec   .            p - +0 cloak
rCorr   .            (no gloves)
SInv    .            (no boots)
Will    .....        t - amulet of the acrobat
Stlth   +            o - ring of protection from cold
HPRegen 0.30/turn    (no ring)
MPRegen 0.11/turn

%: acrobat
@: no status effects
A: horns 1, large bone plates 2, ignite blood 1, powered by death 1
a: no special abilities


You were on level 6 of the Dungeon.
You visited 2 branches of the dungeon, and saw 7 of its levels.

You collected 430 gold pieces.

Inventory:

Hand Weapons
 a - a +0 war axe (weapon)
Missiles
 d - 2 throwing nets
 h - 27 stones (quivered)
 m - 19 poisoned darts
 v - a boomerang
Armour
 c - a +1 robe of fire resistance (worn)
 p - a +0 cloak (worn)
Magical Staves
 s - a staff of poison
 y - a staff of conjuration
Jewellery
 o - a ring of protection from cold (left hand)
 t - an amulet of the acrobat (around neck)
Wands
 n - a wand of flame (28)
Scrolls
 g - a scroll of revelation
 i - a scroll of silence
 j - a scroll of vulnerability
 l - a scroll of teleportation
 q - a scroll of enchant armour
 r - a scroll of brand weapon
 z - 3 scrolls of fog
Potions
 f - 2 potions of heal wounds
 k - 4 potions of curing
 u - a potion of resistance
 w - a potion of lignification


   Skills:
 * Level 5.4 Fighting
 + Level 6.1 Axes
 + Level 2.0 Throwing
 + Level 2.9 Armour
 + Level 4.0 Dodging
 + Level 0.4 Stealth
 * Level 3.5 Shields


You had 7 spell levels left.
You didn't know any spells.
Your spell library contained the following spells:

 Spells                   Type           Power      Damage    Failure   Level
 Sting                    Tmut/Pois      0%         1d3       38%         1
 Call Imp                 Summ           0%         N/A       52%         2
 Lesser Beckoning         Tloc           0%         N/A       52%         2
 Poisonous Vapours        Pois/Air       0%         N/A       52%         2
 Gell's Gravitas          Tloc           0%         N/A       77%         3
 Hailstorm                Conj/Ice       0%         3d3       77%         3
 Inner Flame              Hex/Fire       0%         N/A       77%         3
 Teleport Other           Tloc           0%         N/A       77%         3
 Animate Dead             Necr           0%         N/A       99%         4
 Flame Wave               Conj/Fire      0%         2d4       99%         4
 Olgreb's Toxic Radiance  Pois           0%         N/A       99%         4
 Sticky Flame             Conj/Fire      0%         2d3       99%         4
 Summon Ice Beast         Ice/Summ       0%         N/A       99%         4
 Simulacrum               Ice/Necr       0%         N/A       100%        6
 Death's Door             Necr           0%         N/A       100%        9


Dungeon Overview and Level Annotations

Branches:
Dungeon (6/15)             Temple (1/1) D:4

Altars:
Ashenzari
Cheibriados
Dithmenos
Fedhas
Gozag
Hepliaklqana
Kikubaaqudgha
Makhleb
Nemelex Xobeh
Okawaru
Qazlal
Ru
Trog
Uskayaw
Wu Jian
Xom
Yredelemnul

Shops:
D:1 (   D:2 :


Innate Abilities, Weirdness & Mutations

You have a pair of small horns on your head.
You are mostly covered in large bone plates. (SH +6)
Your demonic aura sometimes causes spilled blood to erupt in flames.
You regenerate a little health from kills.


Message History

The deep elf pyromancer points at you and mumbles some strange words.
The sticky flame hits you. You resist.
You are covered in liquid flames!
You are covered in liquid flames!
There is an open gate here.
You closely miss the deep elf pyromancer.
You headbutt the deep elf pyromancer.
The deep elf pyromancer is moderately wounded.
You are covered in liquid flames!
The deep elf pyromancer hits you but does no damage.
You hit the deep elf pyromancer. You headbutt the deep elf pyromancer.
The deep elf pyromancer is heavily wounded.
You are covered in liquid flames!
The deep elf pyromancer hits you with a +0 long sword!
You hit the deep elf pyromancer.
The deep elf pyromancer is heavily wounded.
You are covered in liquid flames!
The deep elf pyromancer hits you with a +0 long sword!
Unknown command.
You closely miss the deep elf pyromancer.
You headbutt the deep elf pyromancer.
The deep elf pyromancer is heavily wounded.
The deep elf pyromancer casts a spell.
You barely miss the deep elf pyromancer.
The deep elf pyromancer is heavily wounded.
The deep elf pyromancer closely misses you.
The deep elf pyromancer hits you with a +0 long sword!
You hit the deep elf pyromancer.
The deep elf pyromancer is heavily wounded.
You hit the fire elemental but do no damage.
You hit the fire elemental. The fire elemental hits you.
The fire elemental burns you! You resist.
* * * LOW HITPOINT WARNING * * *
The fire elemental closely misses you.
The deep elf pyromancer hits you with a +0 long sword!
* * * LOW HITPOINT WARNING * * *
The fire elemental hits you. The fire elemental burns you! You resist.
* * * LOW HITPOINT WARNING * * *
The fire elemental hits you. The fire elemental burns you! You resist.
You die...

............†.)..#
............)))..#
.................#
.................#
###########..........#
#..'P.(+ #.###......#
#..'.°.+ #...#......#
#..'.Ee+ #...#......#
#..#○E@#..#.###......#
.
#..#..°#..#..........#
..
#..#...#..#....#######
...
#..#...#..#....'.....#
...
#..#...#..#....#.....#
#..
#..#.).#..#.####.....#
#...#..8...8..#)#
#......#
#............[).#
#......#
#............)###
########


You could see a deep elf pyromancer and 2 fire elementals.

Vanquished Creatures
  Grinder (D:5)
  An ogre (D:5)
  3 phantoms
  2 kobold brigands (D:6)
  2 scorpions
  An orc priest (D:6)
  5 hounds
  Crazy Yiuf (D:2)
  3 sleepcaps
  An iguana (D:5)
  Terence (D:2)
  2 orc wizards
  A hound zombie (D:4)
  A howler monkey zombie (D:4)
  4 gnolls (D:5)
  5 adders
  2 adder zombies (D:4)
  2 worms
  5 dart slugs
  12 orcs
  5 endoplasms
  3 giant cockroaches (D:3)
  7 goblins
  2 hobgoblins
  9 jackals
  6 quokkas
  6 ball pythons
  4 bats
  15 kobolds
  2 rats
114 creatures vanquished.

Notes
Turn   | Place    | Note
-------+----------+-------------------------------------------
     0 | D:1      | gelatine the Demonspawn Gladiator began the quest for the
                  | Orb.
     0 | D:1      | Reached XP level 1. HP: 16/16 MP: 1/1
   138 | D:1      | Gained mutation: Your demonic aura sometimes causes spilled
                  | blood to erupt in flames. [demonic ancestry]
   138 | D:1      | Reached XP level 2. HP: 22/22 MP: 2/2
   224 | D:1      | Reached skill level 3 in Axes
   282 | D:1      | Found Maseol's Weapon Shoppe.
  1000 | D:2      | Reached XP level 3. HP: 27/27 MP: 3/3
  1119 | D:2      | Found Xucvont's Book Boutique.
  1193 | D:2      | Noticed Terence
  1200 | D:2      | Killed Terence
  1201 | D:2      | Gained mutation: You are partially covered in large bone
                  | plates. (SH +4) [demonic ancestry]
  1201 | D:2      | Reached XP level 4. HP: 29/34 MP: 4/4
  1423 | D:2      | Reached skill level 1 in Armour
  1470 | D:2      | Found a runed translucent door.
  1472 | D:2      | Noticed Crazy Yiuf
  1477 | D:2      | Killed Crazy Yiuf
  1627 | D:2      | Found a faded altar of an unknown god.
  1913 | D:3      | Found an iron altar of Okawaru.
  1990 | D:3      | Found a sparkling altar of Nemelex Xobeh.
  1990 | D:3      | Found a stormy altar of Qazlal.
  1991 | D:3      | Found a burning altar of Makhleb.
  2000 | D:3      | Found a sacrificial altar of Ru.
  2163 | D:3      | Gained mutation: You are mostly covered in large bone
                  | plates. (SH +6) [demonic ancestry]
  2163 | D:3      | Reached XP level 5. HP: 41/41 MP: 5/5
  2165 | D:3      | Reached skill level 4 in Axes
  2645 | D:4      | Found a staircase to the Ecumenical Temple.
  2655 | D:4      | Reached skill level 1 in Shields
  2665 | Temple   | Entered the Ecumenical Temple
  2985 | D:4      | Noticed a phantom
  2996 | D:4      | Killed a phantom
  2997 | D:4      | Gained mutation: You regenerate a little health from kills.
                  | [demonic ancestry]
  2997 | D:4      | Reached XP level 6. HP: 40/48 MP: 6/6
  3157 | D:4      | Found a basalt altar of Yredelemnul.
  3522 | D:5      | Identified the "Soirazul"
  3522 | D:5      | Entered Level 5 of the Dungeon
  3831 | D:5      | Gained mutation: You have a pair of small horns on your
                  | head. [demonic ancestry]
  3831 | D:5      | Reached XP level 7. HP: 37/54 MP: 7/7
  3842 | D:5      | Reached skill level 5 in Axes
  4112 | D:4      | Found a broken altar of Ashenzari.
  4695 | D:5      | Noticed Grinder
  4708 | D:5      | Paralysed by Grinder for 2 turns
  4725 | D:5      | Killed Grinder
  4726 | D:5      | Reached skill level 5 in Fighting
  4726 | D:5      | Reached XP level 8. HP: 43/62 MP: 8/8
  5084 | D:6      | Reached skill level 6 in Axes
  5261 | D:6      | Noticed a deep elf pyromancer
  5285 | D:6      | HP: 3/63 [fire elemental[a deep elf pyromancer] (6)]
  5285 | D:6      | Slain by a fire elemental

Illustrated notes

Levels and vault maps discovered:
D:1:      dpeg_arrival_boxorama, layout_loops_ring, serial_shops, shop,
          ebering_dispersal_statue_hall
D:2:      layout_rooms, hellmonk_ecumenical_altar_pennies_from_heaven,
          serial_shops, nicolae_shop_tiny_waterfront, basic_altar,
          uniq_crazy_yiuf_cottage, uniq_terence
D:3:      layout_basic, okawaru_metal_pillars_1_2,
          nicolae_overflow_quartered_altars
D:4:      layout_cave_pods, nicolae_yredelemnul_corpse_copse,
          nicolae_overflow_hidden_temple, minmay_temple_entry_statues_pillars
D:5:      layout_loops_corners, grunt_ministairs_11, hex_large, uniq_grinder
D:6:      layout_gridville, minmay_tree_intersection, guppyfry_early_elven_hall,
          uniq_menkaure, uniq_blork_the_orc
Temple:   dpeg_chambers_temple

Skill      XL: |  1  2  3  4  5  6  7  8 |
---------------+-------------------------+-----
Dodging        | 3 4 |  4.0
Axes           | 3 4 5 6 |  6.1
Armour         | 1 2 |  2.9
Fighting       | 3 4 5 |  5.4
Shields        | 1 2 3 |  3.5
Throwing       | 2 |  2.0
Stealth        | |  0.4

Action                     |  1- 3 |  4- 6 |  7- 9 || total
---------------------------+-------+-------+-------++-------
  Melee: War axe           |    82 |   193 |   100 ||   375
         Punch             |     1 |     1 |     1 ||     3
         Headbutt          |       |       |    22 ||    22
  Throw: Throwing net      |     1 |       |       ||     1
         Stone             |       |    21 |     8 ||    29
         Javelin           |       |       |     3 ||     3
         Boomerang         |       |       |     1 ||     1
    Use: Scroll            |       |     7 |     5 ||    12
 Armour: Leather armour    |    50 |    99 |    55 ||   204
         Robe              |       |       |    13 ||    13
  Dodge: Dodged            |    60 |   149 |    51 ||   260
  Block: Other             |       |    64 |    29 ||    93

Table legend: (Time is in decaauts)
 A = Elapsed time spent in this place.
 B = Non-inter-level travel time spent in this place.
 C = Inter-level travel time spent in this place.
 D = Time resting spent in this place.
 E = Time spent auto-exploring this place.
 F = Levels seen in this place.
 G = Mean time per level.
                   A        B        C        D        E       F      G
               +--------+--------+--------+--------+--------+-----+--------+
         Total |   5393 |   5112 |    281 |      0 |   3929 |   7 |  770.4 |
       Dungeon |   5341 |   5060 |    281 |      0 |   3929 |   6 |  890.2 |
        Temple |     51 |     51 |      0 |      0 |      0 |   1 |   51.0 |
               +--------+--------+--------+--------+--------+-----+--------+

Top non-repeatable levels by time:
     D:5: 1409 daAuts
     D:4: 1218 daAuts
     D:1: 989 daAuts
     D:2: 762 daAuts
     D:3: 732 daAuts
     D:6: 228 daAuts
  Temple: 51 daAuts
